 Dungeon Crawl Stone Soup version 0.25-a0-35-g747a2b3c0c (webtiles) character file.

Game seed: 1434643149784556110, levelgen mode: deterministic

10605 Fingolfin the Fighter (level 11, -11/117 (118) HPs)
             Began as a Troll Monk on Oct 19, 2019.
             Was an Elder of Ru.
             Mangled by Snorg (14 damage)
             ... on level 11 of the Dungeon.
             The game lasted 00:23:30 (9206 turns).

Fingolfin the Fighter (Troll Monk)                  Turns: 9206, Time: 00:23:31

HP:   -11/117 (118) AC:  9    Str: 24    XL:     11   Next: 38%
MP:   14/14         EV:  9    Int:  6    God:    Ru [****..]
Gold: 610           SH:  0    Dex: 12    Spells: 10/10 levels left

rFire    . . .     SeeInvis .     - Unarmed
rCold    . . .     Gourm    +   (no shield)
rNeg     . . .     Faith    .   a - +0 robe
rPois    .         Spirit   .   (helmet restricted)
rElec    .         Reflect  .   x - +2 cloak
rCorr    .         Harm     .   (gloves unavailable)
MR       +....                  (boots unavailable)
Stlth    +.........             (no amulet)
HPRegen  0.69/turn              i - ring of protection from magic
MPRegen  0.14/turn              (no ring)

@: exhausted, no scrolls, lightly drained
A: large, unfitting armour, claws 3, fast metabolism 3, gourmand, regeneration
1, shaggy fur 1, tough skin 3, inability to read while threatened, hated by all,
inability to train dodging
a: Draw Out Power, Power Leap, Renounce Religion


You were on level 11 of the Dungeon.
You worshipped Ru.
Ru was greatly pleased with you.
You were full.

You visited 2 branches of the dungeon, and saw 12 of its levels.

You collected 610 gold pieces.

Inventory:

Missiles
 m - 236 stones (quivered)
 n - 19 poisoned darts
 r - 7 javelins
 B - a throwing net
Armour
 a - a +0 robe (worn)
 x - a +2 cloak (worn)
Jewellery
 i - a ring of protection from magic (left claw)
 j - a +2 ring of strength
 l - an uncursed ring of resist corrosion
 C - a +2 ring of strength
Wands
 w - a wand of acid (4)
 F - a wand of flame (17)
Scrolls
 b - a scroll of fear {unknown}
 c - 3 scrolls of teleportation
 e - a scroll of random uselessness {unknown}
 o - 5 scrolls of enchant weapon
 q - a scroll of magic mapping
 t - a scroll of vulnerability
 u - 3 scrolls of immolation
 y - 2 scrolls of remove curse
 z - 2 scrolls of fog {unknown}
 E - a scroll of blinking {unknown}
Potions
 f - 2 potions of curing
 g - 4 potions of might
 h - 6 potions of brilliance
 k - 3 potions of haste
 p - 4 potions of heal wounds
 s - 2 potions of flight
 v - 5 potions of agility
 A - a potion of cancellation {unknown}
 D - a potion of lignification {unknown}
Comestibles
 d - 25 rations


   Skills:
 + Level 10.2(9.8) Fighting
 - Level 6.0(5.6) Throwing
 - Level 6.0(5.6) Armour
 - Level 1.0(0.7) Stealth
 - Level 6.0(5.7) Unarmed Combat
 - Level 6.0(5.6) Evocations


You had 10 spell levels left.
You didn't know any spells.
Your spell library contained the following spells:

 Spells                   Type           Power        Failure   Level  Hunger
 Confusing Touch          Hex            #.....       45%         1    ##.....
 Corona                   Hex            #......      45%         1    ##.....
 Sandblast                Erth           #.....       45%         1    ##.....
 Ensorcelled Hibernation  Hex/Ice        #.....       58%         2    ###....
 Passwall                 Tmut/Erth      #.......     58%         2    ###....
 Confuse                  Hex            #.......     83%         3    ####...
 Dazzling Spray           Conj/Hex       #.....       83%         3    ####...
 Gell's Gravitas          Tloc           #.........   83%         3    ####...
 Stone Arrow              Conj/Erth      #.....       83%         3    ####...
 Tukima's Dance           Hex            #.......     83%         3    ####...
 Petrify                  Tmut/Erth      #.......     99%         4    #####..
 Lee's Rapid Deconstruct  Erth           #.........   100%        5    ######.
 Metabolic Englaciation   Hex/Ice        #.........   100%        5    ######.
 Yara's Violent Unravell  Hex/Tmut       #.........   100%        5    ######.
 Summon Small Mammal      Summ           Unusable     N/A         1    N/A
 Call Imp                 Summ           Unusable     N/A         2    N/A
 Call Canine Familiar     Summ           Unusable     N/A         3    N/A
 Summon Guardian Golem    Hex/Summ       Unusable     N/A         3    N/A
 Summon Ice Beast         Ice/Summ       Unusable     N/A         4    N/A
 Summon Lightning Spire   Summ/Air       Unusable     N/A         4    N/A

Dungeon Overview and Level Annotations

Branches:
Dungeon (11/15)            Temple (1/1) D:4            Lair (0/6) D:11
    Orc: D:9-12

Altars:
Ashenzari
Cheibriados
Dithmenos
Elyvilon
Fedhas
Gozag
Hepliaklqana
Kikubaaqudgha
Makhleb
Nemelex Xobeh
Okawaru
Qazlal
Ru
Sif Muna
Trog
Uskayaw
Vehumet
Wu Jian
Xom
Yredelemnul
Zin
The Shining One

Shops:
D:9 (

Annotations:
D:11 Snorg


Innate Abilities, Weirdness & Mutations

You are too large for most types of armour.
You have claws for hands.
Your metabolism is lightning-fast.
You like to eat raw meat.
Your natural rate of healing is unusually fast.
You are covered in fur. (AC +1)
You have extremely tough skin. (AC +3)
You cannot read scrolls while threatened.
You are hated by all.
You cannot train Dodging skill.


Message History

You barely miss Snorg.
Snorg is almost dead.
Snorg bites you.
You focus your will and illuminate Snorg in retribution!
Snorg claws you!
* * * LOW HITPOINT WARNING * * *
Snorg claws you!
* * * LOW HITPOINT WARNING * * *
The leopard gecko barely misses you.
You closely miss Snorg.
Snorg is almost dead.
Snorg bites you but does no damage. Snorg claws you!
* * * LOW HITPOINT WARNING * * *
You focus your will and illuminate Snorg in retribution!
Snorg claws you!
* * * LOW HITPOINT WARNING * * *
The leopard gecko bites you.
* * * LOW HITPOINT WARNING * * *
Snorg closely misses you. x2; Snorg claws you!
You die...

###....PPP.P..PPPP.........
#..PPPPP.P.PPPPP.###'####
##...PP....PPP..## #.#
#.P.P.PP..PP...# #.#
#...PPP..P...## #.#
#P...PPPP....# #.#
+.P...P.P..## #.#
#...P..P..P# #.#
#....@.....# #.#
#...lT.....# #.#
#..........# #.#
#..........# #.#
#####'###### #.# #.## #.#
#..# #.# ##.## ####.####
#### #..# #........


You could see Snorg (berserk) and a leopard gecko.

Vanquished Creatures
  Harold (D:7)
  3 two-headed ogres
  An unseen horror (D:11)
  Joseph (D:8)
  Psyche (D:11)
  A hornet (D:8)
  Prince Ribbit (D:7)
  Grinder (D:3)
  2 hippogriffs
  A wyvern (D:11)
  4 hogs (D:7)
  A human (D:7)
  A water moccasin (D:7)
  4 porcupines (D:11)
  A black bear (D:11)
  An orc warrior (D:10)
  4 ice beasts
  A sky beast (D:11)
  3 necrophages
  3 phantoms
  5 ogres
  2 centaurs
  A crocodile (D:10)
  5 bullfrogs
  An elf skeleton (D:7)
  6 scorpions
  7 wights
  4 howler monkeys
  3 crimson imps
  2 bullfrog zombies
  3 human zombies (D:7)
  A jelly (D:9)
  7 hounds
  A centaur zombie (D:7)
  4 orc priests
  5 orc wizards
  Ijyb (D:5)
  2 bullfrog skeletons
  3 centaur skeletons
  An iguana (D:6)
  Natasha (twice) (D:3)
  5 worker ants
  3 hound zombies
  2 ogre skeletons (D:7)
  2 mummies (D:7)
  14 adders
  2 shadow imps
  2 oozes (D:1)
  3 adder skeletons
  An adder zombie (D:6)
  A worm (D:3)
  2 dart slugs
  8 leopard geckos
  25 orcs
  5 giant cockroaches
  10 goblins
  9 hobgoblins
  3 jackals (D:3)
  4 quokkas
  3 ball pythons
  12 bats
  9 frilled lizards
  4 kobolds
  A quokka skeleton (D:5)
  7 rats
  A bush (D:5)
  A fungus (D:11)
241 creatures vanquished.

Vanquished Creatures (others)
  2 bullfrogs (D:4)
  A worm (D:4)
  A leopard gecko (D:4)
  5 fungi (D:11)
9 creatures vanquished.

Grand Total: 250 creatures vanquished

Notes
Turn   | Place    | Note
-------+----------+-------------------------------------------
     0 | D:1      | Fingolfin the Troll Monk began the quest for the Orb.
     0 | D:1      | Reached XP level 1. HP: 22/22 MP: 0/0
    75 | D:1      | Reached skill level 3 in Fighting
    75 | D:1      | Reached XP level 2. HP: 31/31 MP: 1/1
   368 | D:1      | Reached XP level 3. HP: 35/37 MP: 2/2
  1129 | D:2      | Reached skill level 4 in Fighting
  1357 | D:2      | Reached XP level 4. HP: 47/48 MP: 3/3
  1653 | D:3      | Noticed Natasha
  1654 | D:3      | Reached XP level 5. HP: 32/55 MP: 4/4
  1663 | D:3      | Killed Natasha
  1808 | D:3      | Noticed Grinder
  1826 | D:3      | Reached skill level 5 in Fighting
  1845 | D:3      | Killed Grinder
  1845 | D:3      | Reached skill level 6 in Fighting
  1845 | D:3      | Reached XP level 6. HP: 22/67 MP: 5/5
  1949 | D:3      | Noticed Natasha
  1960 | D:3      | Killed Natasha
  2528 | D:4      | Reached XP level 7. HP: 38/76 MP: 6/6
  2652 | D:4      | Reached skill level 7 in Fighting
  2691 | D:4      | Found a shimmering altar of Xom.
  2866 | D:4      | Found a staircase to the Ecumenical Temple.
  2875 | Temple   | Entered the Ecumenical Temple
  2958 | Temple   | Became a worshipper of Ru the Awakened
  2972 | D:4      | Gained mutation: You cannot train Dodging skill. [Ru
                  | sacrifice]
  2972 | D:4      | Reached * piety under Ru
  3196 | D:4      | Found a snail-covered altar of Cheibriados.
  3295 | D:4      | Reached skill level 8 in Fighting
  3478 | D:4      | Reached XP level 8. HP: 77/88 MP: 7/7
  3483 | D:4      | Found an iron altar of Okawaru.
  3680 | D:5      | Entered Level 5 of the Dungeon
  3737 | D:5      | Found a blossoming altar of Fedhas.
  3860 | D:5      | Reached skill level 5 in Unarmed Combat
  3940 | D:5      | Found a shimmering blue altar of Sif Muna.
  3940 | D:5      | Found a bloodstained altar of Trog.
  3940 | D:5      | Found an opulent altar of Gozag.
  3940 | D:5      | Found a hide-covered altar of Uskayaw.
  3993 | D:5      | Found an ornate altar of the Wu Jian Council.
  4000 | D:5      | Found a white marble altar of Elyvilon.
  4145 | D:5      | Noticed Ijyb
  4161 | D:5      | Killed Ijyb
  4501 | D:6      | Reached skill level 1 in Throwing
  5135 | D:7      | Reached XP level 9. HP: 88/96 MP: 8/8
  5149 | D:7      | Reached skill level 5 in Throwing
  5291 | D:7      | Noticed Harold
  5292 | D:7      | Noticed Prince Ribbit
  5300 | D:7      | Killed Prince Ribbit
  5310 | D:7      | Killed Harold
  5564 | D:7      | Found an ancient bone altar of Kikubaaqudgha.
  5585 | D:7      | Reached skill level 5 in Armour
  5700 | D:7      | Reached XP level 10. HP: 97/104 MP: 9/9
  5735 | D:7      | Reached skill level 1 in Evocations
  5943 | D:7      | Found a basalt altar of Yredelemnul.
  6039 | D:8      | Found a shadowy altar of Dithmenos.
  6106 | D:8      | Noticed a two-headed ogre
  6117 | D:8      | Killed a two-headed ogre
  6321 | D:8      | Noticed Joseph
  6335 | D:8      | Killed Joseph
  6335 | D:8      | Reached skill level 5 in Evocations
  6610 | D:8      | Paralysed by a hornet for 1 turns
  6617 | D:8      | Gained mutation: You are hated by all. [Ru sacrifice]
  6617 | D:8      | Reached ** piety under Ru
  6617 | D:8      | Reached *** piety under Ru
  7215 | D:9      | Found Reno's Antique Weapon Shop.
  7227 | D:9      | Noticed a two-headed ogre
  7235 | D:9      | Killed a two-headed ogre
  7241 | D:9      | Found a sacrificial altar of Ru.
  7599 | D:9      | Noticed a two-headed ogre
  7609 | D:9      | Killed a two-headed ogre
  7609 | D:9      | Reached skill level 9 in Fighting
  7609 | D:9      | Reached XP level 11. HP: 103/115 MP: 14/14
  7709 | D:10     | Entered Level 10 of the Dungeon
  8046 | D:10     | Got a glittering glass ring
  8073 | D:10     | Identified the cursed ring "Qilox" {AC-5 Dex+3} (You found
                  | it on level 10 of the Dungeon)
  8410 | D:11     | Noticed an unseen horror
  8617 | D:11     | Killed an unseen horror
  8727 | D:11     | Found a staircase to the Lair.
  8780 | D:11     | Gained mutation: You cannot read scrolls while threatened.
                  | [Ru sacrifice]
  8780 | D:11     | Reached **** piety under Ru
  9098 | D:11     | Reached skill level 10 in Fighting
  9184 | D:11     | Noticed Psyche
  9189 | D:11     | Noticed Snorg
  9193 | D:11     | Killed Psyche
  9206 | D:11     | HP: 5/117 [Snorg (8)]
  9206 | D:11     | Mangled by Snorg

Levels and vault maps discovered:
D:1:      kennysheep_arrival_forest, layout_basic, minmay_3d_cube
D:2:      layout_rooms
D:3:      layout_basic, first_ration, uniq_natasha, uniq_grinder
D:4:      layout_cave_pods, xom_confusion_cloud, kennysheep_mini,
          lemuel_doored_altar, temple_hall, kennysheep_cross_room
D:5:      layout_rooms, fedhas_ov_isle_minmay, minmay_overflow_temple_hex,
          uniq_ijyb
D:6:      layout_basic
D:7:      layout_cave_pools, lemuel_mausoleum_altar_kikubaaqudgha,
          kennysheep_little_box, grunt_livestock, grunt_ministairs_9,
          roderic_three_in_a_row, uniq_prince_ribbit1, uniq_harold
D:8:      layout_gridville, basic_altar, uniq_joseph
D:9:      layout_irregular_city, basic_altar, serial_shops, shop
D:10:     layout_loops_cross
D:11:     layout_roguey, due_lair_maze_entry_diamond, uniq_psyche, uniq_snorg
Temple:   eino_temple_lava

Skill      XL: |  1  2  3  4  5  6  7  8  9 10 11 |
---------------+----------------------------------+-----
Fighting       | 3 4 6 8 9 10 | 10.2
Dodging        | 0 |  0.0
Unarmed Combat | 6 |  6.0
Throwing       | 4 6 |  6.0
Armour         | 6 |  6.0
Evocations     | 6 |  6.0
Stealth        | |  1.0

Action                   |  1- 3 |  4- 6 |  7- 9 | 10-12 || total
-------------------------+-------+-------+-------+-------++-------
Melee: Unarmed           |   141 |   166 |   476 |   302 ||  1085
       Punch             |       |     3 |    14 |    10 ||    27
Throw: Stone             |       |       |       |     5 ||     5
Invok: Sacrifice Nimblen |       |       |     1 |       ||     1
       Sacrifice Love    |       |       |       |     1 ||     1
       Draw Out Power    |       |       |       |     2 ||     2
       Sacrifice Words   |       |       |       |     1 ||     1
Evoke: Wand              |       |       |       |     5 ||     5
  Use: Scroll            |       |     3 |     7 |     9 ||    19
 Stab: Sleeping          |     2 |     1 |     4 |     1 ||     8
       Distracted        |       |       |     1 |       ||     1
       Invisible         |       |       |       |     1 ||     1
  Eat: Chunk             |    18 |     9 |    31 |    29 ||    87
Armor: Robe              |    48 |    69 |   135 |   126 ||   378
Dodge: Dodged            |    85 |   103 |   158 |   139 ||   485

Table legend:
 A = Non-vault XP
 B = Vault XP
 C = Vault XP percentage of total XP
 D = Non-vault monster count
 E = Vault monster count
 F = Vault count percentage of total count
                 A         B        C        D         E       F
            +---------+---------+-------+---------+---------+-------
      Total |    9982 |    5168 |  34.1 |     199 |      40 |  16.7
            +---------+---------+-------+---------+---------+-------
        D:1 |      54 |       7 |  11.5 |      26 |       3 |  10.3
        D:2 |      39 |       0 |   0.0 |      17 |       0 |   0.0
        D:3 |     206 |     326 |  61.3 |      34 |       2 |   5.6
        D:4 |     796 |      16 |   2.0 |      20 |       2 |   9.1
        D:5 |     383 |      39 |   9.2 |      16 |       1 |   5.9
        D:6 |     825 |       0 |   0.0 |      16 |       0 |   0.0
        D:7 |    1296 |    2889 |  69.0 |      22 |      21 |  48.8
        D:8 |    1985 |     439 |  18.1 |      18 |       1 |   5.3
        D:9 |    2140 |       0 |   0.0 |      12 |       0 |   0.0
       D:10 |     507 |       0 |   0.0 |       9 |       0 |   0.0
       D:11 |    1751 |    1452 |  45.3 |       9 |      10 |  52.6
            +---------+---------+-------+---------+---------+-------
